 Dungeon Crawl Stone Soup version 0.19-a0-1922-g1e9a4c1 (webtiles) character file.

129 LORDOFBUTT the Sneak (level 4, -4/21 HPs)
             Began as a Spriggan Enchanter on Oct 24, 2016.
             Killed from afar by an orc wizard (11 damage)
             ... with a magic dart
             ... on level 3 of the Dungeon.
             The game lasted 00:06:23 (3609 turns).

LORDOFBUTT the Sneak (Spriggan Enchanter)           Turns: 3609, Time: 00:06:24

Health: -4/21      AC:  3    Str:  5    XL:     4   Next: 88%
Magic:  1/9        EV: 20    Int: 16    God:
Gold:   76         SH:  0    Dex: 19    Spells: 4 memorised, 2 levels left

rFire  . . .     SeeInvis +     a - +1 dagger
rCold  . . .     Gourm    .     b - +1 robe
rNeg   . . .     Faith    .     (shield restricted)
rPois  .         Spirit   .     (helmet restricted)
rElec  .         Reflect  .     (no cloak)
rCorr  .         Harm     .     (gloves unavailable)
MR     .....                    (boots unavailable)
Stlth  +++.......               (no amulet)
                                (no ring)
                                l - +3 ring of dexterity

@: very quick
A: unfitting armour, see invisible, herbivore 3, speed 3, slow metabolism 2
a: no special abilities


You were on level 3 of the Dungeon.
You were not hungry.

You visited 1 branch of the dungeon, and saw 3 of its levels.

You collected 76 gold pieces.

Inventory:

Hand Weapons
 a - a +1 dagger (weapon)
Armour
 b - a +1 robe (worn)
Jewellery
 l - a +3 ring of dexterity (left hand)
Wands
 g - a wand of flame (15/48)
Scrolls
 h - a scroll of remove curse
 i - a scroll of recharging {unknown}
 j - a scroll of fear {unknown}
 k - a scroll of magic mapping {unknown}
 n - 2 scrolls of identify {unknown}
 o - a scroll of teleportation {unknown}
Potions
 e - 2 potions of curing {unknown}
 f - a potion of ambrosia {unknown}
 m - a potion of might {unknown}
 q - a potion of brilliance {unknown}
Books
 c - a book of Maledictions

   Spells                             Type                      Level
   a - Corona                         Hexes                        1
   b - Ensorcelled Hibernation        Hexes/Ice                    2
   c - Confuse                        Hexes                        3
   d - Tukima's Dance                 Hexes                        3
   e - Dazzling Spray                 Conjuration/Hexes            3
 p - a book of Misfortune

   Spells                             Type                      Level
   a - Confusing Touch                Hexes                        1
   b - Confuse                        Hexes                        3
   c - Gell's Gravitas                Hexes/Translocation          3
   d - Petrify                        Transmutation/Earth          4
   e - Metabolic Englaciation         Hexes/Ice                    5
   f - Yara's Violent Unravelling     Hexes/Transmutation          5
Comestibles
 d - 4 bread rations


   Skills:
 - Level 1.1 Short Blades
 + Level 4.3 Dodging
 + Level 5.8 Stealth
 + Level 3.3 Spellcasting
 + Level 4.7 Hexes
 + Level 1.0 Ice Magic


You had 2 spell levels left.
You knew the following spells:

 Your Spells              Type           Power        Failure   Level  Hunger
a - Corona                Hex            ###....      2%          1    None
b - Ensorcelled Hibernat  Hex/Ice        ##....       10%         2    ##.....
c - Confuse               Hex            ###.....     10%         3    ###....
d - Confusing Touch       Hex            ###...       2%          1    None


Dungeon Overview and Level Annotations

Branches:
Dungeon (3/15)

Altars:
Xom


Innate Abilities, Weirdness & Mutations

You are very small and have problems with some larger weapons.
You are too small for most types of armour.
You have supernaturally acute eyesight. (SInv)
You are a herbivore.
You cover ground extremely quickly.
You need consume almost no food.


Message History

You hit the orc wizard.
The orc wizard is lightly wounded.
The orc wizard completely misses you. The orc misses you.
The orc wizard barely misses you.
You hit the orc wizard.
The orc wizard is moderately wounded.
The orc hits you.
The orc wizard hits you but does no damage.
The orc wizard closely misses you.
The orc wizard points at you and mumbles some strange words.
The magic dart hits you!
* * * LOW HITPOINT WARNING * * *
The orc wizard seems less confused.
The orc wizard mumbles some strange words.
The orc wizard flickers and vanishes for a moment.
The orc wizard mumbles some strange words.
The orc wizard gestures at you while chanting.
The magic dart hits you!
Ouch! That really hurt!
You die...

......# #.................#
......###..#...#..........###
...........#...#....#.......###
...........#...................
.....#.....#.....)####...###.###
..#..........#.#.......†.###...#
..#.................#..)†#...##
#.#.................#.#......# ##
..+..........#..@...#......#.###.
#.#..........##.....#....<##.....
.............##.....#.....###.##.
.........o...##.....#............
.............##..o..#..##..######
.............##.o...#........####
.............##........##........
###.....[..............##........
###..................##........


You could see an orc wizard and an orc.

Vanquished Creatures
  Robin (D:2)
  A gnoll (D:3)
  3 adders (D:2)
  2 worms (D:2)
  A dart slug (D:3)
  3 leopard geckos
  An orc (D:3)
  6 giant cockroaches
  14 goblins
  5 hobgoblins
  4 jackals (D:2)
  7 kobolds
  4 quokkas
  3 bats (D:2)
  2 frilled lizards
  6 rats
63 creatures vanquished.

Notes
Turn   | Place    | Note
-------+----------+-------------------------------------------
     0 | D:1      | LORDOFBUTT the Spriggan Enchanter began the quest for the Orb.
     0 | D:1      | Reached XP level 1. HP: 9/9 MP: 5/5
   475 | D:1      | Reached skill level 5 in Stealth
   475 | D:1      | Reached XP level 2. HP: 11/13 MP: 6/6
  1215 | D:2      | Found a shimmering altar of Xom.
  1276 | D:2      | Learned a level 2 spell: Ensorcelled Hibernation
  1534 | D:2      | Reached XP level 3. HP: 16/16 MP: 0/8
  2123 | D:2      | Reached XP level 4. HP: 21/21 MP: 9/9
  2364 | D:2      | Noticed Robin
  2386 | D:2      | Killed Robin
  3191 | D:3      | Reached skill level 1 in Ice Magic
  3523 | D:3      | Learned a level 3 spell: Confuse
  3525 | D:3      | Learned a level 1 spell: Confusing Touch
  3609 | D:3      | Killed from afar by an orc wizard

Vault maps used:
D:1:      minmay_arrival_semitransparent, serial_forest,
          infiniplex_forest_clump_long, infiniplex_forest_lined_3,
          infiniplex_forest_corner_1, infiniplex_forest_clump_tiny,
          infiniplex_forest_straight_2, infiniplex_forest_clump_small,
          infiniplex_forest_clump_C
D:2:      minmay_door_path, xom_teletrap_fun, uniq_robin
D:3:      first_bread

Skill      XL: |  1  2  3  4 |
---------------+-------------+-----
Stealth        | 5 |  5.8
Spellcasting   | 3 |  3.3
Hexes          | 4 |  4.7
Dodging        | 4 |  4.3
Ice Magic      | 1 |  1.0
Short Blades   | |  1.1

Action                   |  1- 3 |  4- 6 || total
-------------------------+-------+-------++-------
Melee: Dagger            |   144 |   123 ||   267
 Cast: Ensorcelled Hiber |    15 |    20 ||    35
       Confuse           |       |     3 ||     3
  Use: Scroll            |       |     1 ||     1
 Stab: Sleeping          |    15 |    14 ||    29
  Eat: Fruit             |       |     5 ||     5
Armor: Robe              |    17 |    14 ||    31
Dodge: Dodged            |   129 |   115 ||   244
